 Dungeon Crawl Stone Soup version 0.30-a0-1164-ge08a67761e (webtiles) character file.

Game seed: 7497351381611461147

159394 RepHenryClay the Eclecticist (level 17, -6/92 HPs)
             Began as a Deep Elf Venom Mage on Apr 26, 2023.
             Was the Champion of Vehumet.
             Mangled by a spark wasp (15 damage)
             ... on level 4 of the Spider Nest on Apr 30, 2023.
             The game lasted 01:48:20 (39878 turns).

RepHenryClay the Eclecticist (Deep Elf Venom Mage) Turns: 39878, Time: 01:48:21

Health: -6/92      AC: 15    Str:  9    XL:     17   Next: 16%
Magic:  42/51      EV: 25    Int: 34    God:    Vehumet [******]
Gold:   1343       SH:  5    Dex: 23    Spells: 7/54 levels left

rFire   + . .        a - staff of fire "Aschil" {rF+ Str+4}
rCold   . . .        Q - orb {light}
rNeg    . . .        X - +2 robe "Qedujuj" {rPois}
rPois   +            E - +0 helmet of Analysis {Drain Dex+4 SInv}
rElec   .            U - +2 cloak {Will+}
rCorr   .            i - +2 pair of gloves
SInv    +            f - +3 pair of boots "Tuebbeet" {+Blink Int+3 Stlth+}
Will    ++...        W - amulet of reflection
Stlth   ++           S - ring of magical power
HPRegen 0.35/turn    V - +6 ring of intelligence
MPRegen 0.32/turn

%: reflection
@: glowing
A: no striking features
a: Renounce Religion, Evoke Blink


You were on level 4 of the Spider Nest.
You worshipped Vehumet.
Vehumet was exalted by your worship.
You visited 5 branches of the dungeon, and saw 27 of its levels.
You also visited: Sewer, Ossuary, Bailey and Ice Cave.

You collected 2867 gold pieces.
You spent 1524 gold pieces at shops.

Inventory:

Missiles
 y - 4 throwing nets
Armour
 f - the +3 pair of boots "Tuebbeet" (worn) {+Blink Int+3 Stlth+}
   (You bought it in a shop on level 2 of the Orcish Mines)

   Int:       It affects your intelligence (+3).
   +Blink:    It lets you blink.
   Stlth:     It makes you more stealthy.
 i - a +2 pair of gloves (worn)
 m - a +3 leather armour of fire resistance
 n - a +2 robe of positive energy
 r - a +0 cloak of poison resistance
 E - the +0 helmet of Analysis (worn) {Drain Dex+4 SInv}
   (You acquired it on level 3 of the Lair of Beasts)

   Dex:       It affects your dexterity (+4).
   SInv:      It lets you see invisible.
   Drain:     It drains your maximum health when unequipped.
 H - a +2 robe of willpower
 K - a +2 helmet of intelligence
 Q - an orb of light (worn)
 R - a +0 kite shield of cold resistance
 U - a +2 cloak of willpower (worn)
 X - the +2 robe "Qedujuj" (worn) {rPois}
   (You found it on level 14 of the Dungeon)

   rPois:     It protects you from poison.
Magical Staves
 a - the staff of fire "Aschil" (weapon) {rF+ Str+4}
   (You found it on level 14 of the Dungeon)

   [staff of fire]

   Base accuracy: +5 Base damage: 5 Base attack delay: 1.2 This weapon's minimum
   attack delay (0.6) is reached at skill level 12.
   Str:       It affects your strength (+4).
   rF:        It protects you from fire.
   It falls into the 'Staves' category.
   It is a one-handed weapon.
 O - a staff of earth
 Y - a staff of conjuration
Jewellery
 F - a ring of flight
 J - the amulet of the Air {Inacc Air Fly rElec RMsl}
   (You took it off an orc on level 9 of the Dungeon)

   [amulet of nothing]

   Inacc:     It reduces the accuracy of your attacks and spells.
   Air:       It enhances your air magic.
   rElec:     It insulates you from electricity.
   Fly:       It grants you flight.
   RMsl:      It protects you from missiles.
 M - a ring of protection from cold
 S - a ring of magical power (left hand)
 V - a +6 ring of intelligence (right hand)
 W - an amulet of reflection (around neck)
Wands
 c - a wand of iceblast (7)
 w - a wand of mindburst (18)
 P - a wand of paralysis (15)
 Z - a wand of digging (1)
Scrolls
 e - 8 scrolls of fear
 k - 11 scrolls of teleportation
 l - 7 scrolls of fog
 o - 4 scrolls of enchant armour
 p - 5 scrolls of blinking
 s - a scroll of immolation
 z - a scroll of amnesia
 A - a scroll of brand weapon
 C - a scroll of magic mapping
 G - 2 scrolls of summoning
 I - 3 scrolls of poison
 N - 2 scrolls of silence
Potions
 b - 6 potions of magic
 d - 2 potions of resistance
 g - 6 potions of invisibility
 h - 4 potions of might
 j - 11 potions of heal wounds
 q - a potion of brilliance
 t - 7 potions of curing
 u - 6 potions of ambrosia
 v - 4 potions of haste
 x - 9 potions of mutation
 B - 4 potions of flight
 D - 4 potions of cancellation
 L - 5 potions of attraction


   Skills:
 - Level 5.0 Fighting
 - Level 5.0 Staves
 - Level 15.0 Dodging
 - Level 7.0 Stealth
 - Level 19.0 Spellcasting
 - Level 17.8 Conjurations
 - Level 5.0 Necromancy
 - Level 5.0 Translocations
 - Level 1.1 Transmutations
 + Level 10.7 Fire Magic
 + Level 8.7 Air Magic
 - Level 9.7 Poison Magic
 - Level 5.0 Evocations


You had 7 spell levels left.
You knew the following spells:

 Your Spells              Type           Power      Damage    Failure   Level
a - Poisonous Vapours     Pois/Air       100%       N/A       1%          2
b - Airstrike             Air            37%        2d(6-22)  1%          4
c - Iron Shot             Conj/Erth      37%        9d7       1%          6
d - Mephitic Cloud        Conj/Pois/Air  86%        N/A       0%          3
e - Olgreb's Toxic Radia  Pois           78%        N/A       1%          4
f - Plasma Beam           Fire/Air       49%        2x1d70    1%          6
g - Orb of Destruction    Conj           50%        9d13      1%          7
h - Dispel Undead         Necr           61%        3d21      1%          4
i - Freezing Cloud        Conj/Ice/Air   37%        6-21      1%          5
j - Iskenderun's Mystic   Conj/Tloc      83%        2d16      1%          4
Q - Blink                 Tloc           100%       N/A       1%          2

Your spell library contained the following spells:

 Spells                   Type           Power      Damage    Failure   Level
 Conjure Ball Lightning   Conj/Air       44%        3x3d15    1%          6
 Foxfire                  Conj/Fire      100%       2x1d9     0%          1
 Magic Dart               Conj           100%       1d8       0%          1
 Shock                    Conj/Air       100%       1d9       0%          1
 Momentum Strike          Conj/Tloc      100%       3d10      0%          2
 Searing Ray              Conj           100%       2d8       0%          2
 Static Discharge         Conj/Air       100%       2-7/arc   0%          2
 Beastly Appendage        Tmut           80%        N/A       1%          1
 Sting                    Tmut/Pois      100%       1d8       1%          1
 Cigotuvi's Dreadful Rot  Necr/Pois/Air  100%       N/A       1%          2
 Ensorcelled Hibernation  Hex/Ice        64%        N/A       1%          2
 Lesser Beckoning         Tloc           100%       N/A       1%          2
 Sublimation of Blood     Necr           61%        N/A       1%          2
 Wereblood                Tmut           40%        N/A       1%          2
 Dazzling Flash           Conj/Hex       100%       N/A       1%          3
 Gell's Gravitas          Tloc           60%        N/A       1%          3
 Hailstorm                Conj/Ice       75%        3d15      1%          3
 Portal Projectile        Hex/Tloc       98%        N/A       1%          3
 Spider Form              Tmut/Pois      62%        N/A       1%          3
 Teleport Other           Tloc           60%        N/A       1%          3
 Volatile Blastmotes      Fire/Tloc      100%       2d18      1%          3
 Animate Dead             Necr           61%        N/A       1%          4
 Fulminant Prism          Conj/Hex       37%        3d17      1%          4
 Summon Lightning Spire   Summ/Air       58%        N/A       1%          4
 Starburst                Conj/Fire      57%        6d15      1%          6
 Ozocubu's Armour         Ice            32%        N/A       3%          3
 Summon Guardian Golem    Hex/Summ       32%        N/A       3%          3
 Tukima's Dance           Hex            32%        N/A       3%          3
 Alistair's Intoxication  Tmut/Pois      41%        N/A       3%          5
 Eringya's Noxious Bog    Tmut/Pois      31%        N/A       4%          6
 Spellforged Servitor     Conj/Summ      37%        N/A       6%          7
 Lee's Rapid Deconstruct  Erth           16%        3d10*     8%          5
 Animate Armour           Summ/Erth      64%        N/A       11%         4
 Leda's Liquefaction      Hex/Erth       16%        N/A       11%         4
 Borgnjor's Vile Clutch   Necr/Erth      24%        N/A       11%         5
 Blade Hands              Tmut           20%        N/A       19%         5
 Death Channel            Necr           30%        N/A       21%         6
 Dispersal                Tloc           30%        N/A       21%         6
 Metabolic Englaciation   Hex/Ice        16%        N/A       28%         5
 Simulacrum               Ice/Necr       24%        N/A       50%         6
 Statue Form              Tmut/Erth      24%        N/A       77%         6
 Ozocubu's Refrigeration  Ice            16%        4d11      88%         7
 Summon Hydra             Summ           16%        N/A       100%        7
 Borgnjor's Revivificati  Necr           30%        N/A       100%        8
 Infestation              Necr           30%        N/A       100%        8
 Polar Vortex             Ice            16%        N/A       100%        9


Dungeon Overview and Level Annotations

Branches:
Dungeon (15/15)            Temple (1/1) D:6            Lair (5/5) D:9
 Shoals (0/4) Lair:3       Spider (4/4) Lair:3        Slime (0/5) Lair:5
    Orc (2/2) D:10            Elf (0/3) Orc:2        Vaults (0/5) D:13
 Depths (0/4) D:15          Sewer (visited)         Ossuary (visited)
 Bailey (visited)           IceCv (visited)

Altars:
Ashenzari
Cheibriados
Dithmenos
Elyvilon
Fedhas
Gozag
Hepliaklqana
Kikubaaqudgha
Makhleb
Nemelex Xobeh
Okawaru
Qazlal
Ru
Sif Muna
Trog
Uskayaw
Vehumet
Wu Jian
Xom
Yredelemnul
Zin
The Shining One
Jiyva

Shops:
D:5 (   D:11 [=(*!   Orc:2 [*(:

Annotations:
D:2 good cloak
Orc:2 3 runed translucent doors, BleedingAnus's ghost, journeyman HOFi


Message History

A spark wasp comes into view.
Casting: Iskenderun's Mystic Blast (safe; 1% risk of failure)
Confirm with . or Enter, or press ? or * to list all spells.
Okay, then.
Casting: Iskenderun's Mystic Blast (safe; 1% risk of failure)
Confirm with . or Enter, or press ? or * to list all spells.
Aiming: Poisonous Vapours (safe; 1% risk of failure)
Press: ? - help, Dir - move target, f - spark wasp
Aim: a spark wasp (wandering, hasn't noticed you) Poisonous vapours surround the spark wasp!
The spark wasp is poisoned.
The spark wasp buzzes angrily.
The spark wasp bursts into living lightning!
The living lightning misses you.
The spark wasp blinks!
You hear a faint skittering sound.
Casting: Poisonous Vapours (safe; 1% risk of failure)
Confirm with . or Enter, or press ? or * to list all spells.
Aiming: Poisonous Vapours (safe; 1% risk of failure)
Press: ? - help, Dir - move target, f/p - spark wasp
Aim: a spark wasp (lightly wounded, very poisoned, haloed) Poisonous vapours surround the spark wasp!
The spark wasp looks as sick as possible!
The spark wasp stings you! The spark wasp shocks you!
Huge Dmg: -32%(-30hp) hp: 68%(62hp)
Casting: Poisonous Vapours (safe; 1% risk of failure)
Confirm with . or Enter, or press ? or * to list all spells.
Casting: Plasma Beam (dangerous; 1% risk of failure)
Press: ? - help, Dir - look around, f - activate You feel a surge of power!
The bolt of lightning hits the spark wasp.
The spark wasp completely resists.
The spark wasp is lightly wounded.
The fiery plasma misses the spark wasp.
You hear a shout!
The spark wasp stings you! The spark wasp shocks you!
* * * LOW HITPOINT WARNING * * *
The spark wasp stings you!!
* * * LOW HITPOINT WARNING * * *
The spark wasp shocks you!
You die...

..... ### #.!..... . ..# ^.....#
.. ..# .## .^...#. #..#### .#
#..... #.)...# .############
#...### #.....#
.†#.^#.##.#^######....## .....#
..†....#....#.#..@...^.#####.#.##
.^......./...^##y....###..##...^#
###^....##........#^...^...<..#
#.#...#...##..#^#...#......##
####.###.....#.##...#..#.#..##
### ##......#....#..###...####
##.#...##..##..#.^......#
#####..#.#....#..^.#....
######^#...#.#^^..##


You could see a spark wasp (extremely poisoned).

Vanquished Creatures
  Mara (Spider:3)
  A lich (IceCv)
  Frances (D:14)
  3 emperor scorpions
  Aizul (Spider:1)
  A ghost moth (Spider:3)
  An orc warlord (Orc:2)
  Louise (Spider:1)
  A broodmother (Spider:2)
  A very ugly thing (IceCv)
  The ghost of Ricoe the Cleaver, a journeyman FoFi of Okawaru (D:14)
  Snorg (Lair:5)
  Josephine (D:12)
  An ettin (D:15)
  An entropy weaver (Spider:4)
  An ice dragon (Spider:3)
  6 hydras
  A vault guard (D:13)
  3 jorogumos
  3 caustic shrike simulacra (IceCv)
  A radroach (Spider:3)
  6 boulder beetles
  5 centaur warriors
  7 two-headed ogres
  Erica (Lair:2)
  3 tengu warriors
  3 death yaks (Lair:4)
  An orc high priest (Orc:2)
  Urug (D:13)
  A sun moth (Spider:2)
  6 pharaoh ants
  7 orb spiders
  An obsidian statue (IceCv)
  2 wizards
  A lindwurm (Lair:5)
  2 bog bodies (IceCv)
  6 steelbarb worms
  6 orc knights
  A spriggan simulacrum (IceCv)
  5 orc sorcerers
  4 deep elf pyromancers
  21 wolf spiders
  3 necromancers
  11 ugly things (D:15)
  4 manticores
  3 cyclopes
  15 elephants
  7 demonic crawlers
  2 water nymphs (Lair:3)
  3 black mambas
  2 torpor snails (Spider:3)
  10 rime drakes
  6 cane toads
  Maggie (D:9)
  16 freezing wraiths (IceCv)
  2 ice devils (IceCv)
  5 anaconda simulacra (IceCv)
  3 tengu conjurers
  15 komodo dragons
  A golden dragon simulacrum (IceCv)
  5 meliai
  8 trolls
  5 polar bears (Lair:5)
  10 blink frogs
  2 queen bees
  16 tarantellas
  5 hornets
  4 dream sheep
  A centaur simulacrum (D:15)
  9 slime creatures
  11 spriggans (Lair:5)
  20 jumping spiders
  2 dire elephant simulacra (IceCv)
  2 vampires
  Sigmund (D:2)
  4 wraiths
  16 culicivoras
  3 wyverns
  60 yaks
  A fire elemental (D:15)
  3 basilisks
  A water elemental (D:15)
  7 steam dragons (Lair:2)
  20 humans (D:13)
  3 vampire mosquitoes
  33 redbacks
  A minotaur simulacrum (IceCv)
  5 harpy simulacra (IceCv)
  An acid dragon (D:10)
  3 wargs
  9 water moccasins
  3 hydra simulacra (IceCv)
  Pargi (Sewer)
  4 sky beasts
  4 black bears (Lair:5)
  30 orc warriors
  20 centaurs
  7 ogres
  3 ice beasts
  37 wolves
  5 boggarts (Lair:5)
  2 alligator simulacra (IceCv)
  4 kobold brigands
  Blork the orc (Orc:2)
  2 gnoll sergeants
  12 bullfrogs
  2 scorpions
  4 water moccasin zombies (Ossuary)
  2 deep troll simulacra (IceCv)
  6 wights
  50 killer bees
  2 lindwurm simulacra (IceCv)
  6 howler monkeys
  5 electric eels
  15 jellies
  9 hounds
  Crazy Yiuf (D:2)
  12 orc priests
  2 gnoll boudas
  Terence (D:2)
  5 iguanas
  13 orc wizards
  2 mummies (Ossuary)
  44 gnolls
  5 adders
  A shadow imp (D:8)
  A white imp (D:6)
  2 ufetubi
  5 adder zombies (Ossuary)
  3 worms
  76 orcs
  8 ball pythons
  10 endoplasms
  6 giant cockroaches
  13 goblins
  11 hobgoblins
  10 jackals (D:1)
  5 quokkas
  5 bats
  6 frilled lizards
  5 gnoll zombies (Ossuary)
  4 hobgoblin zombies (Ossuary)
  23 kobolds
  4 kobold zombies (Ossuary)
  9 orc zombies (Ossuary)
  6 rats
1036 creatures vanquished.

Vanquished Creatures (others)
  A bush (Lair:4)
  33 fungi
  54 plants
88 creatures vanquished.

Grand Total: 1124 creatures vanquished

Notes
Turn   | Place    | Note
-------+----------+-------------------------------------------
     0 | D:1      | RepHenryClay the Deep Elf Venom Mage began the quest for
                  | the Orb.
     0 | D:1      | Reached XP level 1. HP: 10/10 MP: 6/6
   152 | D:1      | Got First Steps in Spellcraft
   205 | D:1      | Reached XP level 2. HP: 15/15 MP: 0/8
   373 | D:1      | Learned a level 2 spell: Poisonous Vapours
   380 | D:1      | Learned a level 1 spell: Shock
   544 | D:1      | Reached skill level 1 in Air Magic
   681 | D:1      | Reached XP level 3. HP: 19/19 MP: 6/9
  1225 | D:1      | Learned a level 3 spell: Mephitic Cloud
  1419 | D:2      | Found a faded altar of an unknown god.
  1494 | D:2      | Noticed Sigmund
  1505 | D:2      | Killed Sigmund
  1506 | D:2      | Reached XP level 4. HP: 24/24 MP: 1/10
  1506 | D:2      | Reached XP level 5. HP: 28/28 MP: 1/11
  1712 | D:2      | Noticed Terence
  1988 | D:2      | Reached skill level 5 in Air Magic
  2292 | D:2      | Found a shimmering altar of Xom.
  2783 | D:2      | Killed Terence
  2784 | D:2      | Reached XP level 6. HP: 16/32 MP: 5/13
  2857 | D:2      | Found a runed translucent door.
  2858 | D:2      | Noticed Crazy Yiuf
  3096 | D:3      | Reached skill level 1 in Conjurations
  3277 | D:3      | Found a bloodstained altar of Trog.
  3543 | D:3      | Found a burning altar of Makhleb.
  3546 | D:3      | Upgraded the game from 0.30-a0-1160-g6e42c06551 to
                  | 0.30-a0-1163-gf69bf04e7a
  3547 | D:3      | Found a basalt altar of Yredelemnul.
  3568 | D:3      | Found a snail-covered altar of Cheibriados.
  3604 | D:3      | Found a shimmering altar of Xom.
  4425 | D:4      | Noticed a sky beast
  4480 | D:3      | Killed a sky beast
  4481 | D:3      | Reached skill level 4 in Spellcasting
  4813 | D:4      | Reached XP level 7. HP: 32/36 MP: 10/15
  5244 | D:4      | Reached skill level 5 in Poison Magic
  5592 | D:4      | Found an ancient bone altar of Kikubaaqudgha.
  5720 | D:5      | Entered Level 5 of the Dungeon
  5720 | D:5      | Found Sesmol's Antique Weapon Emporium.
  5764 | D:5      | Found a sand-covered staircase.
  5815 | D:5      | Reached skill level 5 in Spellcasting
  6075 | D:5      | Found a glowing drain.
  6102 | Sewer    | Entered a sewer
  6148 | Sewer    | Noticed Pargi
  6153 | Sewer    | Killed Pargi
  6154 | Sewer    | Reached skill level 5 in Dodging
  6323 | Ossuary  | Entered an ossuary
  6388 | Ossuary  | Reached XP level 8. HP: 25/41 MP: 6/18
  6396 | Ossuary  | HP: 2/61 [water moccasin zombie (5)]
  6579 | Ossuary  | Reached skill level 5 in Conjurations
  6977 | D:5      | Learned a level 4 spell: Olgreb's Toxic Radiance
  6980 | D:5      | Learned a level 2 spell: Blink
  7357 | D:6      | Found a staircase to the Ecumenical Temple.
  7478 | D:7      | Found a flagged portal.
  7527 | Bailey   | Entered a bailey
  8247 | Temple   | Entered the Ecumenical Temple
  8424 | Temple   | Became a worshipper of Vehumet
  8768 | D:6      | Reached XP level 9. HP: 40/45 MP: 7/19
  8895 | D:6      | Reached skill level 6 in Spellcasting
  9466 | D:6      | Found a glowing silver altar of Zin.
  9574 | D:6      | Found a hazy altar of Hepliaklqana.
  9734 | D:7      | Reached skill level 7 in Spellcasting
 10741 | D:8      | Noticed a two-headed ogre
 10764 | D:8      | Killed a two-headed ogre
 10765 | D:8      | Reached skill level 8 in Spellcasting
 10765 | D:8      | Reached XP level 10. HP: 50/50 MP: 12/24
 11232 | D:8      | Learned a level 2 spell: Searing Ray
 11353 | D:8      | Reached * piety under Vehumet
 11353 | D:8      | Offered knowledge of Sandblast by Vehumet.
 11470 | D:8      | Reached skill level 9 in Spellcasting
 11612 | D:8      | Noticed a two-headed ogre
 11644 | D:8      | Killed a two-headed ogre
 11715 | D:8      | Found a broken altar of Ashenzari.
 12436 | D:9      | Reached skill level 10 in Dodging
 12447 | D:9      | Reached ** piety under Vehumet
 12447 | D:9      | Offered knowledge of Freeze by Vehumet.
 12639 | D:9      | Found a staircase to the Lair.
 12708 | D:9      | Noticed Maggie
 12807 | D:9      | Killed Maggie
 12808 | D:9      | Reached XP level 11. HP: 55/55 MP: 19/26
 12845 | D:9      | Reached skill level 1 in Fighting
 13253 | D:9      | Found an iron altar of Okawaru.
 13256 | D:9      | Found a glowing golden altar of the Shining One.
 13362 | D:10     | Entered Level 10 of the Dungeon
 13502 | D:10     | Found a shimmering blue altar of Sif Muna.
 13691 | D:10     | Reached skill level 10 in Conjurations
 13880 | D:10     | Offered knowledge of Frozen Ramparts by Vehumet.
 13983 | D:10     | Found an ornate altar of the Wu Jian Council.
 14084 | D:10     | Reached *** piety under Vehumet
 14107 | D:10     | Learned a level 7 spell: Orb of Destruction
 14347 | D:10     | Learned a level 4 spell: Dispel Undead
 14377 | Lair:1   | Entered Level 1 of the Lair of Beasts
 14449 | Lair:1   | Reached skill level 1 in Necromancy
 14959 | Lair:1   | Reached skill level 5 in Necromancy
 15443 | D:10     | Found a staircase to the Orcish Mines.
 15625 | Orc:1    | Entered Level 1 of the Orcish Mines
 15709 | Orc:1    | Noticed a two-headed ogre
 15725 | Orc:1    | Killed a two-headed ogre
 15858 | Orc:2    | Entered Level 2 of the Orcish Mines
 15864 | Orc:2    | Offered knowledge of Sticky Flame by Vehumet.
 15968 | Orc:1    | Noticed an orc knight
 16008 | Orc:1    | Noticed a two-headed ogre
 16068 | Orc:2    | Noticed an orc sorcerer
 16070 | Orc:2    | Paralysed by an orc sorcerer for 4 turns
 16080 | Orc:2    | Killed an orc sorcerer
 16086 | Orc:2    | Found a runed translucent gate.
 16087 | Orc:2    | Found a runed translucent gate.
 16087 | Orc:2    | Noticed a centaur warrior
 16087 | Orc:2    | Noticed a deep elf archer
 16087 | Orc:2    | Noticed a merfolk impaler
 16088 | Orc:2    | Noticed a stone giant
 16088 | Orc:2    | Found a runed translucent gate.
 16088 | Orc:2    | Noticed a naga warrior
 16110 | Orc:2    | Killed a two-headed ogre
 16234 | Orc:2    | Noticed an orc knight
 16234 | Orc:2    | Noticed BleedingAnus's ghost (journeyman HOFi)
 16235 | Orc:2    | Noticed an orc knight
 16398 | Orc:1    | Reached **** piety under Vehumet
 16427 | Orc:1    | Killed an orc knight
 16803 | Orc:1    | Offered knowledge of Airstrike by Vehumet.
 16809 | Orc:1    | Reached XP level 12. HP: 62/62 MP: 22/27
 16932 | Orc:2    | Learned a level 4 spell: Airstrike
 16936 | Orc:2    | Noticed a tengu warrior
 16959 | Orc:2    | Found a staircase to the Elven Halls.
 17397 | Orc:2    | Found an iron altar of Okawaru.
 17635 | Orc:2    | Noticed an orc high priest
 17641 | Orc:2    | Killed an orc high priest
 18377 | Orc:2    | Reached skill level 15 in Conjurations
 18559 | Orc:2    | Reached ***** piety under Vehumet
 18562 | Orc:2    | Offered knowledge of Freezing Cloud by Vehumet.
 18599 | Orc:2    | Noticed Blork the orc
 18605 | Orc:2    | Killed Blork the orc
 19060 | Orc:2    | Found Isam's Book Shop.
 19129 | Orc:2    | Noticed an orc warlord
 19280 | Orc:2    | Killed an orc warlord
 19281 | Orc:2    | Reached skill level 10 in Spellcasting
 19375 | Orc:2    | Found Ingid's Antique Armour Shop.
 19390 | Orc:2    | Found Dahiher's Antique Weapon Shop.
 19405 | Orc:2    | Found Ceis's General Store.
 19413 | Orc:2    | Bought a scroll of identify for 20 gold pieces
 19413 | Orc:2    | Bought a potion of heal wounds for 50 gold pieces
 19525 | Orc:2    | Bought a pair of warped boots for 351 gold pieces
 19525 | Orc:2    | Identified the +3 pair of boots "Tuebbeet" {+Blink Int+3
                  | Stlth+} (You bought it in a shop on level 2 of the Orcish
                  | Mines)
 19536 | Orc:2    | Bought a glowing robe for 136 gold pieces
 19553 | Orc:2    | Bought the Folio of Subzero Ignition for 560 gold pieces
 19652 | D:11     | Identified the +6 arbalest of the Insatiable Teeth {freeze,
                  | rF+ rC+ Int+6 Dex-4}
 19755 | D:11     | Found Esaxteul's Jewellery Boutique.
 19758 | D:11     | Reached skill level 11 in Spellcasting
 19915 | D:11     | Found Korim's Weapon Shop.
 19921 | D:11     | Found Ugisel's Assorted Antiques.
 19929 | D:11     | Bought a tubular sapphire ring for 145 gold pieces
 20005 | D:11     | Found Ulain's Distillery.
 20457 | D:11     | Found Popeogi's Antique Armour Boutique.
 20638 | D:12     | Learned a level 5 spell: Freezing Cloud
 20668 | D:12     | Reached skill level 12 in Spellcasting
 20896 | D:12     | Noticed a two-headed ogre
 20897 | D:12     | Noticed a two-headed ogre
 20913 | D:12     | Killed a two-headed ogre
 21130 | D:12     | Killed a two-headed ogre
 21131 | D:12     | Reached skill level 13 in Spellcasting
 21131 | D:12     | Reached XP level 13. HP: 67/67 MP: 25/32
 21418 | D:12     | Noticed Josephine
 21776 | D:12     | Killed Josephine
 21964 | D:12     | Reached skill level 14 in Spellcasting
 22234 | Lair:2   | Learned a level 4 spell: Iskenderun's Mystic Blast
 22307 | Lair:2   | Reached skill level 1 in Translocations
 22742 | Lair:2   | Noticed Erica
 22746 | Lair:2   | Killed Erica
 22981 | Lair:2   | Reached skill level 5 in Translocations
 23758 | Lair:3   | Reached skill level 15 in Spellcasting
 23759 | Lair:3   | Offered knowledge of Iron Shot by Vehumet.
 24044 | Lair:3   | Reached skill level 16 in Spellcasting
 24307 | Lair:3   | Learned a level 6 spell: Iron Shot
 24495 | Lair:3   | Identified a scroll of acquirement
 24497 | Lair:3   | Acquired the +0 helmet of Analysis {Drain Dex+4 SInv}
 24549 | Lair:3   | Reached skill level 17 in Spellcasting
 25126 | Lair:3   | Found a hole to the Spider Nest.
 25135 | Lair:3   | Reached XP level 14. HP: 72/72 MP: 37/37
 25398 | Lair:4   | Reached skill level 18 in Spellcasting
 25996 | Lair:4   | Reached skill level 19 in Spellcasting
 26134 | Lair:4   | Offered knowledge of Arcjolt by Vehumet.
 26655 | Lair:5   | Entered Level 5 of the Lair of Beasts
 27289 | Lair:5   | Found a staircase to the Slime Pits.
 27355 | Lair:5   | Found a viscous altar of Jiyva.
 27956 | Lair:5   | Noticed Snorg
 27965 | Lair:5   | Killed Snorg
 28295 | Lair:5   | Reached skill level 5 in Fighting
 28764 | Lair:5   | Offered knowledge of Iskenderun's Battlesphere by Vehumet.
 29603 | Lair:5   | Upgraded the game from 0.30-a0-1163-gf69bf04e7a to
                  | 0.30-a0-1164-ge08a67761e
 30509 | D:11     | Bought an embroidered cloak for 262 gold pieces
 30726 | D:2      | Killed Crazy Yiuf
 31002 | D:13     | Noticed Urug
 31005 | D:13     | Killed Urug
 31006 | D:13     | Reached XP level 15. HP: 82/82 MP: 36/40
 31076 | D:13     | Reached skill level 15 in Dodging
 31562 | D:13     | Found a gate to the Vaults.
 31565 | D:13     | Reached skill level 5 in Stealth
 32289 | D:14     | Identified the +2 robe "Qedujuj" {rPois}
 32388 | D:14     | Found a transporter.
 32393 | D:14     | Found a transporter.
 32393 | D:14     | Noticed Ricoe's ghost (journeyman FoFi)
 32791 | D:14     | Noticed Frances
 32799 | D:14     | Killed Frances
 33278 | D:15     | Entered Level 15 of the Dungeon
 33621 | D:14     | Killed Ricoe's ghost
 33687 | D:14     | Identified the staff of fire "Aschil" {rF+ Str+4}
 33733 | D:15     | Found a staircase to the Depths.
 34054 | D:15     | Reached ****** piety under Vehumet
 34398 | D:15     | Found a glowing silver altar of Zin.
 34984 | Spider:1 | Entered Level 1 of the Spider Nest
 35002 | Lair:3   | Learned a level 6 spell: Plasma Beam
 35007 | Spider:1 | Offered knowledge of Ozocubu's Refrigeration by Vehumet.
 35010 | Spider:1 | Reached skill level 1 in Fire Magic
 35614 | Spider:1 | Reached XP level 16. HP: 86/87 MP: 17/41
 35897 | Spider:1 | Noticed Louise
 35899 | Spider:1 | Killed Louise
 35907 | Spider:1 | Reached skill level 5 in Fire Magic
 35912 | Spider:1 | Noticed Aizul
 35916 | Spider:1 | Killed Aizul
 37571 | Spider:3 | Reached skill level 1 in Evocations
 37573 | Spider:3 | Reached skill level 1 in Staves
 37575 | Spider:3 | Offered knowledge of Fireball by Vehumet.
 37746 | Spider:3 | Noticed Mara
 37754 | Spider:3 | Killed Mara
 37755 | Spider:3 | Reached skill level 5 in Staves
 37755 | Spider:3 | Reached skill level 5 in Evocations
 37830 | Spider:3 | Found a frozen archway.
 37838 | IceCv    | Entered an ice cave
 38538 | IceCv    | Offered knowledge of Conjure Ball Lightning by Vehumet.
 38615 | IceCv    | Reached skill level 10 in Fire Magic
 38644 | IceCv    | Noticed a lich
 38646 | IceCv    | Killed a lich
 38647 | IceCv    | Reached XP level 17. HP: 92/92 MP: 42/42
 38791 | IceCv    | Found an ancient bone altar of Kikubaaqudgha.
 39011 | IceCv    | Got the Elucidation of Grim Frostbite
 39540 | Spider:4 | Entered Level 4 of the Spider Nest
 39878 | Spider:4 | Mangled by a spark wasp

Illustrated notes

Levels and vault maps discovered:
D:1:      dpeg_arrival_round_c, layout_loops_ring, minmay_crystal_room,
          minivault_27
D:2:      layout_basic, basic_altar, nicolae_ecumenical_pavilion, uniq_terence,
          uniq_sigmund, uniq_crazy_yiuf_cottage
D:3:      layout_loops_ring, minitemple, trog_hazing_becter
D:4:      layout_loops_cross, mainiacjoe_overflow_alcove_2, nrook_campfire
D:5:      layout_rooms, chequers_ossuary_entry_cave, gup_sewer_entry_bubbles,
          nicolae_stop_n_shop_2
D:6:      layout_rooms, mainiacjoe_overflow_paths, lemuel_doored_altar,
          minmay_temple_entry_from_below_a, serial_glass, glass_columns_b,
          glass_columns_a, amethyst_killhole, minmay_circle_x
D:7:      dreamdust_elfheim, layout_loops_ring, enter_bailey_5
D:8:      layout_loops_corners, cheibrodos_ashenzari_chains
D:9:      layout_rooms, nicolae_overflow_squiral, erik_lair_island, uniq_maggie
D:10:     layout_long_grid, mainiacjoe_overflow_cross_hatched, kennysheep_mini,
          hiddenorc1_lemuel
D:11:     layout_cave_pods, serial_shops, kennysheep_mini_moat, shop,
          nicolae_shop_statue_plus, nicolae_shop_gaudy_bauble,
          nicolae_shop_tiny_statue_garden
D:12:     layout_rooms, uniq_josephine
D:13:     layout_basic, grunt_vaults_entry_tiered, uniq_urug
D:14:     layout_loops_corners, minmay_staircase_statues_hall_small,
          gammafunk_ghost_hive, st_stairs_9, uniq_frances
D:15:     hangedman_depths_entry_civil_slaughter, layout_irregular_city,
          zin_angel, nicolae_lava_and_water
Temple:   grunt_temple_mini_profane
Lair:1:   layout_cave_pods
Lair:2:   layout_roguey, bobbens_dragon_lair_wall, serial_bayou_shore_a,
          uniq_erica
Lair:3:   layout_long_grid, nicolae_shoals_entry_flooding,
          spider_nest_entry_funnel_web, hangedman_lair_generics_rect
Lair:4:   layout_cave_pods, serial_bayou_lagoon_a, st_stairs_4,
          serial_bayou_ford_a, chequers_serial_rivers_room_b
Lair:5:   minmay_lair_end_enchanted_forest, layout_regular_city,
          minmay_slime_entry_jelly_boxes, st_stairs_11, uniq_snorg
Spider:1: layout_spider_delve, hangedman_spider_tarantella_strand, uniq_louise,
          uniq_aizul
Spider:2: layout_spider_delve
Spider:3: layout_spider_delve, portal_ice_cave_entry_dragon, uniq_mara
Spider:4: hellmonk_spider_rune_endless_swarm, uniq_mlioglotl
Orc:1:    layout_caves, special_room [special_room_bee]
Orc:2:    grunt_orc_cross, layout_diamond_mine, gammafunk_ghost_fury_of_okawaru

Skill      XL: |  1  2  3  4  5  6  7  8  9 10 11 12 13 14 15 16 |
---------------+-------------------------------------------------+-----
Poison Magic   | 4 5 7 9 |  9.7
Air Magic      | 1 4 5 6 8 |  8.7
Conjurations   | 2 4 6 9 12 15 17 | 17.8
Dodging        | 3 5 7 10 11 14 15 | 15.0
Spellcasting   | 4 5 8 9 13 17 19 | 19.0
Fighting       | 2 5 |  5.0
Necromancy     | 5 |  5.0
Translocations | 5 |  5.0
Stealth        | 7 |  7.0
Fire Magic     | 3 10 | 10.7
Evocations     | 5 |  5.0
Staves         | 5 |  5.0
Transmutations | |  1.1

Action                     |  1- 3 |  4- 6 |  7- 9 | 10-12 | 13-15 | 16-18 || total
---------------------------+-------+-------+-------+-------+-------+-------++-------
  Melee: Unarmed           |    17 |       |       |     3 |       |       ||    20
         Punch             |     1 |       |     1 |     1 |       |       ||     3
         War axe           |       |    16 |    60 |       |       |       ||    76
         Dagger            |       |       |       |   113 |   128 |       ||   241
         Staff             |       |       |       |       |    10 |    31 ||    41
   Cast: Sting             |    88 |   130 |   162 |    25 |       |       ||   405
         Mephitic Cloud    |     1 |     7 |    13 |    33 |    11 |       ||    65
         Poisonous Vapours |       |     5 |    65 |   166 |   184 |    48 ||   468
         Shock             |       |     2 |    78 |    83 |    11 |       ||   174
         Olgreb's Toxic Ra |       |       |    10 |    54 |    67 |    16 ||   147
         Searing Ray       |       |       |       |    11 |     5 |       ||    16
         Blink             |       |       |       |     1 |     3 |     2 ||     6
         Orb of Destructio |       |       |       |    32 |   163 |    14 ||   209
         Dispel Undead     |       |       |       |     7 |     4 |       ||    11
         Airstrike         |       |       |       |     7 |     8 |       ||    15
         Iskenderun's Myst |       |       |       |       |    87 |    39 ||   126
         Freezing Cloud    |       |       |       |       |    23 |     2 ||    25
         Iron Shot         |       |       |       |       |     5 |       ||     5
         Plasma Beam       |       |       |       |       |     6 |   116 ||   122
  Evoke: Wand              |       |       |     1 |    10 |       |     6 ||    17
    Use: Scroll            |       |       |    11 |    15 |    10 |     1 ||    37
         Potion            |       |       |     2 |     8 |       |     2 ||    12
   Stab: Sleeping          |       |     2 |     1 |       |       |       ||     3
         Confused          |       |       |       |     5 |     1 |       ||     6
         Paralysed         |       |       |       |       |       |     4 ||     4
 Armour: Robe              |    11 |    10 |    33 |    43 |    89 |    22 ||   208
         Leather armour    |       |       |    22 |     3 |       |       ||    25
  Dodge: Dodged            |    37 |    58 |   188 |   255 |   368 |    92 ||   998
         Repelled          |       |       |       |       |    11 |       ||    11
  Block: Orb               |       |       |       |       |     6 |    21 ||    27

Table legend: (Time is in decaauts)
 A = Elapsed time spent in this place.
 B = Non-inter-level travel time spent in this place.
 C = Inter-level travel time spent in this place.
 D = Time resting spent in this place.
 E = Time spent auto-exploring this place.
 F = Levels seen in this place.
 G = Mean time per level.
                   A        B        C        D        E       F      G
               +--------+--------+--------+--------+--------+-----+--------+
         Total |  40047 |  36750 |   3297 |   4783 |  25905 |  31 | 1291.8 |
       Dungeon |  21007 |  18664 |   2343 |   1883 |  13817 |  15 | 1400.5 |
        Temple |    215 |    178 |     37 |      0 |    171 |   1 |  215.0 |
          Lair |   8976 |   8455 |    521 |   1489 |   5827 |   5 | 1795.2 |
   Spider Nest |   3416 |   3305 |    111 |    537 |   2220 |   4 |  854.0 |
  Orcish Mines |   3917 |   3634 |    283 |    344 |   2570 |   2 | 1958.5 |
         Sewer |    163 |    163 |      0 |      0 |    126 |   1 |  163.0 |
       Ossuary |    475 |    475 |      0 |    148 |    198 |   1 |  475.0 |
        Bailey |    611 |    611 |      0 |    212 |    308 |   1 |  611.0 |
      Ice Cave |   1263 |   1263 |      0 |    170 |    668 |   1 | 1263.0 |
               +--------+--------+--------+--------+--------+-----+--------+

Top non-repeatable levels by time:
   Orc:2: 3024 daAuts
  Lair:5: 2701 daAuts
     D:8: 2045 daAuts
    D:14: 1732 daAuts
  Lair:3: 1692 daAuts
  Lair:4: 1683 daAuts
  Lair:2: 1634 daAuts
     D:1: 1626 daAuts
    D:13: 1614 daAuts
    D:10: 1602 daAuts
     D:2: 1598 daAuts
     D:3: 1568 daAuts
    D:11: 1498 daAuts
     D:7: 1331 daAuts
Spider:2: 1288 daAuts
